 Dungeon Sprint DCSS version 0.27.1-33-g824d729ab1 (webtiles) character file.

Game seed: 15539395067057271

1273 Adenis the Carver (level 8, -19/74 HPs)
             Began as a Human Berserker on Dec 4, 2021.
             Was an Elder of Trog.
             Shot with an arrow by a centaur warrior (21 damage)
             ... in the Dungeon (Sprint I: "Red Sonja").
             The game lasted 00:01:43 (1385 turns).

Adenis the Carver (Human Berserker)                 Turns: 1385, Time: 00:01:44

Health: -19/74     AC:  7    Str: 19    XL:     8   Next: 83%
Magic:  8/8        EV: 12    Int:  7    God:    Trog [****..]
Gold:   413        SH:  0    Dex: 14    Spells: 7/7 levels left

rFire    . . .     SeeInvis .   a - +0 falchion
rCold    . . .     Faith    .   (no shield)
rNeg     . . .     Spirit   .   j - +0 scale mail
rPois    .         Reflect  .   (no helmet)
rElec    .         Harm     .   (no cloak)
rCorr    .         Rampage  .   (no gloves)
Will     .....     NoTele   +   (no boots)
Stlth    +.........             (no amulet)
HPRegen  0.22/turn              (no ring)
MPRegen  0.11/turn              (no ring)

@: no status effects
A: no striking features
a: Renounce Religion, Berserk, Trog's Hand, Brothers in Arms


You were in the Dungeon.
You worshipped Trog.
Trog was greatly pleased with you.
You visited 1 branch You collected 413 gold pieces.

Inventory:

Hand Weapons
 a - a +0 falchion (weapon)
Armour
 b - a +0 animal skin
 j - a +0 scale mail (worn)
Wands
 i - a wand of digging (4)
Scrolls
 h - a scroll of blinking
Potions
 c - a potion of curing
 d - a potion of heal wounds
 e - a potion of haste
 f - 2 potions of magic
 g - a potion of berserk rage


   Skills:
 + Level 10.9 Fighting
 + Level 12.3 Long Blades
 + Level 7.3 Armour
 + Level 5.5 Dodging
 + Level 2.1 Stealth


You had 7 spell levels left.
You didn't know any spells.
Your spell library was empty.

Dungeon Overview and Level Annotations

Branches:
Dungeon (1/1)

Altars:
Cheibriados
Dithmenos
Elyvilon
Fedhas
Gozag
Hepliaklqana
Kikubaaqudgha
Makhleb
Nemelex Xobeh
Okawaru
Qazlal
Ru
Sif Muna
Trog
Uskayaw
Vehumet
Wu Jian
Xom
Yredelemnul
Zin
The Shining One
Jiyva
Lugonu

Shops:
D [


Message History

Things that are here:
a +0 dagger; a +0 robe; a kobold corpse
Things that are here:
a +0 dagger; a +0 robe
Things that are here:
a +0 dagger; a +0 robe; a kobold corpse You start resting.
You feel yourself speed up.
You start resting.
You recover from your berserk rage.
You start resting.
HP restored.
Things that are here:
a +0 dagger; a +0 robe; a kobold corpse
Things that are here:
a +0 dagger; a +0 robe
There is an open door here.
There is an open door here.
There is an open door here.
There is an open door here.
You open the door.
There is an open door here.
You enter the shallow water.
Moving in this stuff is going to be slow.
Found a scroll labelled LEUSYLAUBI and a potion of heal wounds. 2 centaur warriors come into view.
The centaur warrior moves out of view. x2
You open the door.
The centaur warrior shouts! x2
The centaur warrior wields a +0 shortbow.
The centaur warrior shoots an arrow.
The arrow hits you!!
The centaur warrior wields a +0 shortbow.
The centaur warrior shoots an arrow.
The arrow hits you!!
Found 25 sling bullets, a flail and a scroll labelled LEUSYLAUBI.
Found a hunting sling.
The centaur warrior shoots an arrow.
The arrow hits you!!
* * * LOW HITPOINT WARNING * * *
There is an open door, spattered with blood here.
The centaur warrior shoots an arrow.
The arrow hits you!!
You die...

<.#..)..#..'..#__#..')..#
..').#..').#..'..'..#)..#
..#####'#####'#__####...+
..####..#...#.####?!#####
..#__####..##.#§≈§§§#
..#_____##'#_.§§≈§c.+
⌠⌠#_.∩...'...§#§§c..#
###_..__##_.#§##§####
#_____###+#)#§@§§#
####### ####+###


You could see a centaur warrior.

Vanquished Creatures
  2 kobold demonologists (D)
  A slime creature (D)
  Sigmund (D)
  A yak (D)
  A floating eye (D)
  An ogre (D)
  A jelly (D)
  Ijyb (D)
9 creatures vanquished.

Notes
Turn   | Place    | Note
-------+----------+-------------------------------------------
     0 | D        | Adenis the Human Berserker began the quest for the Orb.
     0 | D        | Reached XP level 1. HP: 18/18 MP: 1/1
     2 | D        | Noticed Ijyb
    15 | D        | Killed Ijyb
    16 | D        | Reached skill level 4 in Long Blades
    16 | D        | Reached XP level 2. HP: 9/26 MP: 2/2
    16 | D        | Reached XP level 3. HP: 11/31 MP: 3/3
   303 | D        | Noticed an ogre
   306 | D        | Killed an ogre
   307 | D        | Reached skill level 6 in Long Blades
   307 | D        | Reached XP level 4. HP: 41/41 MP: 4/4
   307 | D        | Reached XP level 5. HP: 47/47 MP: 5/5
   338 | D        | Noticed Sigmund
   353 | D        | Killed Sigmund
   353 | D        | Reached ** piety under Trog
   354 | D        | Reached skill level 8 in Long Blades
   354 | D        | Reached XP level 6. HP: 25/56 MP: 6/6
   597 | D        | Found an ornate altar of the Wu Jian Council.
   597 | D        | Found a shimmering blue altar of Sif Muna.
   599 | D        | Found a radiant altar of Vehumet.
   605 | D        | Reached skill level 9 in Long Blades
   780 | D        | Found Seteagid's Antique Armour Emporium.
   780 | D        | Found an ancient bone altar of Kikubaaqudgha.
   780 | D        | Found a hazy altar of Hepliaklqana.
   780 | D        | Found a stormy altar of Qazlal.
   780 | D        | Found a hide-covered altar of Uskayaw.
   780 | D        | Found a blossoming altar of Fedhas.
   780 | D        | Found a bloodstained altar of Trog.
   780 | D        | Found an iron altar of Okawaru.
   780 | D        | Found a basalt altar of Yredelemnul.
   780 | D        | Found a glowing golden altar of the Shining One.
   780 | D        | Found a snail-covered altar of Cheibriados.
   780 | D        | Found a sacrificial altar of Ru.
   780 | D        | Found a glowing silver altar of Zin.
   780 | D        | Found a shadowy altar of Dithmenos.
   780 | D        | Found a white marble altar of Elyvilon.
   780 | D        | Noticed a yak
   788 | D        | Killed a yak
   789 | D        | Reached skill level 10 in Long Blades
   789 | D        | Reached skill level 5 in Armour
   789 | D        | Reached XP level 7. HP: 57/64 MP: 7/7
   789 | D        | Found an opulent altar of Gozag.
   790 | D        | Found a sparkling altar of Nemelex Xobeh.
  1077 | D        | Found a burning altar of Makhleb.
  1077 | D        | Found a viscous altar of Jiyva.
  1077 | D        | Found a shimmering altar of Xom.
  1077 | D        | Found a corrupted altar of Lugonu.
  1077 | D        | Noticed a slime creature
  1093 | D        | Killed a slime creature
  1093 | D        | Reached *** piety under Trog
  1094 | D        | Reached skill level 5 in Dodging
  1094 | D        | Reached skill level 1 in Stealth
  1297 | D        | Noticed a kobold demonologist
  1300 | D        | Noticed a kobold demonologist
  1301 | D        | Reached skill level 10 in Fighting
  1301 | D        | Reached skill level 11 in Long Blades
  1301 | D        | Reached XP level 8. HP: 72/72 MP: 8/8
  1307 | D        | Killed a kobold demonologist
  1310 | D        | Noticed an orange demon
  1312 | D        | Noticed a rust devil
  1317 | D        | Killed a kobold demonologist
  1317 | D        | Reached **** piety under Trog
  1318 | D        | Reached skill level 12 in Long Blades
  1381 | D        | Noticed a centaur warrior
  1381 | D        | Noticed a centaur warrior
  1384 | D        | HP: 2/74 [centaur warrior/arrow (27)]
  1385 | D        | Shot with an arrow by a centaur warrior

Illustrated notes

Levels and vault maps discovered:
D:        dungeon_sprint_1 [red_sonja_temple_1, red_sonja_temple_small_1]

Skill      XL: |  1  2  3  4  5  6  7  8 |
---------------+-------------------------+-----
Fighting       | 4 6 8 9 10 | 10.9
Long Blades    | 4 6 8 10 11 12 | 12.3
Armour         | 3 4 5 6 7 |  7.3
Dodging        | 3 4 5 |  5.5
Stealth        | 1 2 |  2.1

Action                   |  1- 3 |  4- 6 |  7- 9 || total
-------------------------+-------+-------+-------++-------
Melee: Falchion          |    13 |    22 |    33 ||    68
Invok: Berserk           |     2 |     2 |     2 ||     6
Armor: Scale mail        |       |     1 |     7 ||     8
Dodge: Dodged            |     4 |     5 |    15 ||    24
       Rpst.: Falchion   |     1 |     4 |     4 ||     9
